Workbook
Name Business_Name: Summary!#REF!
Name Business_Name: Summary!#REF!
Name Business_Name: Summary!#REF!
Name Business_Name: Summary!#REF!
Name Business_Name: Summary!#REF!
Name Business_Name: Summary!#REF!
Name Business_Name: Summary!#REF!
Name Business_Name: Summary!#REF!
Name Business_Name: Summary!#REF!
Name Business_Name: Summary!#REF!
Name Farm_Name: Summary!#REF!
Name Farm_Name: Summary!#REF!
Name Farm_Name: Summary!#REF!
Name Farm_Name: Summary!#REF!
Name Farm_Name: Summary!#REF!
Name Farm_Name: Summary!#REF!
Name Farm_Name: Summary!#REF!
Name Farm_Name: Summary!#REF!
Name Farm_Name: Summary!#REF!
Name Farm_Name: Summary!#REF!
Name Farm_Name: Summary!#REF!
Name Farm_Name: Summary!#REF!
Name Farm_Name: Summary!#REF!
Name Farm_Name: Summary!#REF!
Name Farm_Name: Summary!#REF!
Name Farm_Name: Summary!#REF!
Name Farm_Name: Summary!#REF!
Name Farm_Name: Summary!#REF!

Sheet BTS
A1: Taxable? | B1: Taxable? | C1: Taxable? | D1: Taxable?
A2: Yes | B2: Y | C2: No | D2: N

Sheet Summary
A1: Income | E1: Expense
A3: January | C3: =INDIRECT("'"&A3&"'!$D$1") -> 0 | E3: Accounting | F3: =INDIRECT("'"&E3&"'!$E$1") -> 0
A4: Total taxable: | C4: =DSUM(INDIRECT("'"&A3&"'!$A$2:$D$1000"),T(INDIRECT("'"&A3&"'!$D$2")),BTS!$A$1:$A$2)+DSUM(INDIRECT("'"&A3&"'!$A$2:$D$1000"),T(INDIRECT("'"&A3&"'!$D$2")),BTS!$B$1:$B$2) -> 0 | E4: Advertising | F4: =INDIRECT("'"&E4&"'!$E$1") -> 0
A5: February | C5: =INDIRECT("'"&A5&"'!$D$1") -> 0 | E5: Contributions | F5: =INDIRECT("'"&E5&"'!$E$1") -> 0
A6: Total taxable: | C6: =DSUM(INDIRECT("'"&A5&"'!$A$2:$D$1000"),T(INDIRECT("'"&A5&"'!$D$2")),BTS!$A$1:$A$2)+DSUM(INDIRECT("'"&A5&"'!$A$2:$D$1000"),T(INDIRECT("'"&A5&"'!$D$2")),BTS!$B$1:$B$2) -> 0 | E6: Freight & Delivery | F6: =INDIRECT("'"&E6&"'!$E$1") -> 0
A7: March | C7: =INDIRECT("'"&A7&"'!$D$1") -> 0 | E7: Insurance | F7: =INDIRECT("'"&E7&"'!$E$1") -> 0
A8: Total taxable: | C8: =DSUM(INDIRECT("'"&A7&"'!$A$2:$D$1000"),T(INDIRECT("'"&A7&"'!$D$2")),BTS!$A$1:$A$2)+DSUM(INDIRECT("'"&A7&"'!$A$2:$D$1000"),T(INDIRECT("'"&A7&"'!$D$2")),BTS!$B$1:$B$2) -> 0 | E8: Interest | F8: =INDIRECT("'"&E8&"'!$E$1") -> 0
A9: April | C9: =INDIRECT("'"&A9&"'!$D$1") -> 0 | E9: Legal & License | F9: =INDIRECT("'"&E9&"'!$E$1") -> 0
A10: Total taxable: | C10: =DSUM(INDIRECT("'"&A9&"'!$A$2:$D$1000"),T(INDIRECT("'"&A9&"'!$D$2")),BTS!$A$1:$A$2)+DSUM(INDIRECT("'"&A9&"'!$A$2:$D$1000"),T(INDIRECT("'"&A9&"'!$D$2")),BTS!$B$1:$B$2) -> 0 | E10: Merchandise & Materials | F10: =INDIRECT("'"&E10&"'!$E$1") -> 0
A11: May | C11: =INDIRECT("'"&A11&"'!$D$1") -> 0 | E11: Office Supply & Postage | F11: =INDIRECT("'"&E11&"'!$E$1") -> 0
A12: Total taxable: | C12: =DSUM(INDIRECT("'"&A11&"'!$A$2:$D$1000"),T(INDIRECT("'"&A11&"'!$D$2")),BTS!$A$1:$A$2)+DSUM(INDIRECT("'"&A11&"'!$A$2:$D$1000"),T(INDIRECT("'"&A11&"'!$D$2")),BTS!$B$1:$B$2) -> 0 | E12: Rentals | F12: =INDIRECT("'"&E12&"'!$E$1") -> 0
A13: June | C13: =INDIRECT("'"&A13&"'!$D$1") -> 0 | E13: Repairs | F13: =INDIRECT("'"&E13&"'!$E$1") -> 0
A14: Total taxable: | C14: =DSUM(INDIRECT("'"&A13&"'!$A$2:$D$1000"),T(INDIRECT("'"&A13&"'!$D$2")),BTS!$A$1:$A$2)+DSUM(INDIRECT("'"&A13&"'!$A$2:$D$1000"),T(INDIRECT("'"&A13&"'!$D$2")),BTS!$B$1:$B$2) -> 0 | E14: Supplies | F14: =INDIRECT("'"&E14&"'!$E$1") -> 0
A15: July | C15: =INDIRECT("'"&A15&"'!$D$1") -> 0 | E15: Taxes (Income) | F15: =INDIRECT("'"&E15&"'!$E$1") -> 0
A16: Total taxable: | C16: =DSUM(INDIRECT("'"&A15&"'!$A$2:$D$1000"),T(INDIRECT("'"&A15&"'!$D$2")),BTS!$A$1:$A$2)+DSUM(INDIRECT("'"&A15&"'!$A$2:$D$1000"),T(INDIRECT("'"&A15&"'!$D$2")),BTS!$B$1:$B$2) -> 0 | E16: Taxes (Real Estate) | F16: =INDIRECT("'"&E16&"'!$E$1") -> 0
A17: August | C17: =INDIRECT("'"&A17&"'!$D$1") -> 0 | E17: Transportation Expense | F17: =INDIRECT("'"&E17&"'!$E$1") -> 0
A18: Total taxable: | C18: =DSUM(INDIRECT("'"&A17&"'!$A$2:$D$1000"),T(INDIRECT("'"&A17&"'!$D$2")),BTS!$A$1:$A$2)+DSUM(INDIRECT("'"&A17&"'!$A$2:$D$1000"),T(INDIRECT("'"&A17&"'!$D$2")),BTS!$B$1:$B$2) -> 0 | E18: Travel & Meals & Entertainment | F18: =INDIRECT("'"&E18&"'!$E$1") -> 0
A19: September | C19: =INDIRECT("'"&A19&"'!$D$1") -> 0 | E19: Utilities | F19: =INDIRECT("'"&E19&"'!$E$1") -> 0
A20: Total taxable: | C20: =DSUM(INDIRECT("'"&A19&"'!$A$2:$D$1000"),T(INDIRECT("'"&A19&"'!$D$2")),BTS!$A$1:$A$2)+DSUM(INDIRECT("'"&A19&"'!$A$2:$D$1000"),T(INDIRECT("'"&A19&"'!$D$2")),BTS!$B$1:$B$2) -> 0
A21: October | C21: =INDIRECT("'"&A21&"'!$D$1") -> 0 | E21: Independent Subcontractors | F21: =INDIRECT("'"&E21&"'!$E$1") -> 0
A22: Total taxable: | C22: =DSUM(INDIRECT("'"&A21&"'!$A$2:$D$1000"),T(INDIRECT("'"&A21&"'!$D$2")),BTS!$A$1:$A$2)+DSUM(INDIRECT("'"&A21&"'!$A$2:$D$1000"),T(INDIRECT("'"&A21&"'!$D$2")),BTS!$B$1:$B$2) -> 0 | E22: Miscellaneous | F22: =INDIRECT("'"&E22&"'!$E$1") -> 0
A23: November | C23: =INDIRECT("'"&A23&"'!$D$1") -> 0
A24: Total taxable: | C24: =DSUM(INDIRECT("'"&A23&"'!$A$2:$D$1000"),T(INDIRECT("'"&A23&"'!$D$2")),BTS!$A$1:$A$2)+DSUM(INDIRECT("'"&A23&"'!$A$2:$D$1000"),T(INDIRECT("'"&A23&"'!$D$2")),BTS!$B$1:$B$2) -> 0
A25: December | C25: =INDIRECT("'"&A25&"'!$D$1") -> 0
A26: Total taxable: | C26: =DSUM(INDIRECT("'"&A25&"'!$A$2:$D$1000"),T(INDIRECT("'"&A25&"'!$D$2")),BTS!$A$1:$A$2)+DSUM(INDIRECT("'"&A25&"'!$A$2:$D$1000"),T(INDIRECT("'"&A25&"'!$D$2")),BTS!$B$1:$B$2) -> 0
A29: TOTAL INCOME | C29: =SUM(C3,C5,C7,C9,C11,C13,C15,C17,C19,C21,C23,C25) -> 0
A30: TOTAL TAXABLE INCOME | C30: =SUM(C4,C6,C8,C10,C12,C14,C16,C18,C20,C22,C24,C26) -> 0 | E30: TOTAL EXPENSES | F30: =SUM(F3:F29) -> 0

Sheet DSUM
D1: =January!$A$2 -> Date | E1: =January!$A$2 -> Date | G1: =IF(ISERR(AVERAGE(January!A3:A1000)),TODAY(),AVERAGE(January!A3:A1000)) -> 41662
A2: January | B2: 1 | C2: =B2&"/1/"&YEAR($G$1) -> 1/1/2014 | D2: =">"&MONTH(C2-1)&"/"&DAY(C2-1)&"/"&YEAR(C2-1) -> >12/31/2013 | E2: ="<"&MONTH(C4)&"/"&DAY(C4)&"/"&YEAR(C4) -> <2/1/2014
A3: February | D3: =January!$A$2 -> Date | E3: =January!$A$2 -> Date
A4: March | B4: 2 | C4: =B4&"/1/"&YEAR($G$1) -> 2/1/2014 | D4: =">"&MONTH(C4-1)&"/"&DAY(C4-1)&"/"&YEAR(C4-1) -> >1/31/2014 | E4: ="<"&MONTH(C6)&"/"&DAY(C6)&"/"&YEAR(C6) -> <3/1/2014
A5: April | D5: =January!$A$2 -> Date | E5: =January!$A$2 -> Date
A6: May | B6: 3 | C6: =B6&"/1/"&YEAR($G$1) -> 3/1/2014 | D6: =">"&MONTH(C6-1)&"/"&DAY(C6-1)&"/"&YEAR(C6-1) -> >2/28/2014 | E6: ="<"&MONTH(C8)&"/"&DAY(C8)&"/"&YEAR(C8) -> <4/1/2014
A7: June | D7: =January!$A$2 -> Date | E7: =January!$A$2 -> Date
A8: July | B8: 4 | C8: =B8&"/1/"&YEAR($G$1) -> 4/1/2014 | D8: =">"&MONTH(C8-1)&"/"&DAY(C8-1)&"/"&YEAR(C8-1) -> >3/31/2014 | E8: ="<"&MONTH(C10)&"/"&DAY(C10)&"/"&YEAR(C10) -> <5/1/2014
A9: August | D9: =January!$A$2 -> Date | E9: =January!$A$2 -> Date
A10: September | B10: 5 | C10: =B10&"/1/"&YEAR($G$1) -> 5/1/2014 | D10: =">"&MONTH(C10-1)&"/"&DAY(C10-1)&"/"&YEAR(C10-1) -> >4/30/2014 | E10: ="<"&MONTH(C12)&"/"&DAY(C12)&"/"&YEAR(C12) -> <6/1/2014
A11: October | D11: =January!$A$2 -> Date | E11: =January!$A$2 -> Date
A12: November | B12: 6 | C12: =B12&"/1/"&YEAR($G$1) -> 6/1/2014 | D12: =">"&MONTH(C12-1)&"/"&DAY(C12-1)&"/"&YEAR(C12-1) -> >5/31/2014 | E12: ="<"&MONTH(C14)&"/"&DAY(C14)&"/"&YEAR(C14) -> <7/1/2014
A13: December | D13: =January!$A$2 -> Date | E13: =January!$A$2 -> Date
B14: 7 | C14: =B14&"/1/"&YEAR($G$1) -> 7/1/2014 | D14: =">"&MONTH(C14-1)&"/"&DAY(C14-1)&"/"&YEAR(C14-1) -> >6/30/2014 | E14: ="<"&MONTH(C16)&"/"&DAY(C16)&"/"&YEAR(C16) -> <8/1/2014
D15: =January!$A$2 -> Date | E15: =January!$A$2 -> Date
B16: 8 | C16: =B16&"/1/"&YEAR($G$1) -> 8/1/2014 | D16: =">"&MONTH(C16-1)&"/"&DAY(C16-1)&"/"&YEAR(C16-1) -> >7/31/2014 | E16: ="<"&MONTH(C18)&"/"&DAY(C18)&"/"&YEAR(C18) -> <9/1/2014
D17: =January!$A$2 -> Date | E17: =January!$A$2 -> Date
B18: 9 | C18: =B18&"/1/"&YEAR($G$1) -> 9/1/2014 | D18: =">"&MONTH(C18-1)&"/"&DAY(C18-1)&"/"&YEAR(C18-1) -> >8/31/2014 | E18: ="<"&MONTH(C20)&"/"&DAY(C20)&"/"&YEAR(C20) -> <10/1/2014
D19: =January!$A$2 -> Date | E19: =January!$A$2 -> Date
B20: 10 | C20: =B20&"/1/"&YEAR($G$1) -> 10/1/2014 | D20: =">"&MONTH(C20-1)&"/"&DAY(C20-1)&"/"&YEAR(C20-1) -> >9/30/2014 | E20: ="<"&MONTH(C22)&"/"&DAY(C22)&"/"&YEAR(C22) -> <11/1/2014
D21: =January!$A$2 -> Date | E21: =January!$A$2 -> Date
B22: 11 | C22: =B22&"/1/"&YEAR($G$1) -> 11/1/2014 | D22: =">"&MONTH(C22-1)&"/"&DAY(C22-1)&"/"&YEAR(C22-1) -> >10/31/2014 | E22: ="<"&MONTH(C24)&"/"&DAY(C24)&"/"&YEAR(C24) -> <12/1/2014
D23: =January!$A$2 -> Date | E23: =January!$A$2 -> Date
B24: 12 | C24: =B24&"/1/"&YEAR($G$1) -> 12/1/2014 | D24: =">"&MONTH(C24-1)&"/"&DAY(C24-1)&"/"&YEAR(C24-1) -> >11/30/2014 | E24: ="<"&MONTH(C26)&"/"&DAY(C26)&"/"&YEAR(C26) -> <1/1/2015
B26: 1 | C26: =B26&"/1/"&YEAR($G$1)+1 -> 1/1/2015

Sheet January
A1: Summary Link | B1: TOTAL | D1: =SUM(D3:D1000) -> 0
A2: Date | B2: Description | C2: Taxable? | D2: Total Amount Received

Sheet February
A1: Summary Link | B1: TOTAL | C1: =SUM(C3:C1000) -> 0
A2: Date | B2: Description | C2: Total Amount Received

Sheet March
A1: Summary Link | B1: TOTAL | C1: =SUM(C3:C1000) -> 0
A2: Date | B2: Description | C2: Total Amount Received

Sheet April
A1: Summary Link | B1: TOTAL | C1: =SUM(C3:C1000) -> 0
A2: Date | B2: Description | C2: Total Amount Received

Sheet May
A1: Summary Link | B1: TOTAL | C1: =SUM(C3:C1000) -> 0
A2: Date | B2: Description | C2: Total Amount Received

Sheet June
A1: Summary Link | B1: TOTAL | C1: =SUM(C3:C1000) -> 0
A2: Date | B2: Description | C2: Total Amount Received

Sheet July
A1: Summary Link | B1: TOTAL | C1: =SUM(C3:C1000) -> 0
A2: Date | B2: Description | C2: Total Amount Received

Sheet August
A1: Summary Link | B1: TOTAL | C1: =SUM(C3:C1000) -> 0
A2: Date | B2: Description | C2: Total Amount Received

Sheet September
A1: Summary Link | B1: TOTAL | C1: =SUM(C3:C1000) -> 0
A2: Date | B2: Description | C2: Total Amount Received

Sheet October
A1: Summary Link | B1: TOTAL | C1: =SUM(C3:C1000) -> 0
A2: Date | B2: Description | C2: Total Amount Received

Sheet November
A1: Summary Link | B1: TOTAL | C1: =SUM(C3:C1000) -> 0
A2: Date | B2: Description | C2: Total Amount Received

Sheet December
A1: Summary Link | B1: TOTAL | C1: =SUM(C3:C1000) -> 0
A2: Date | B2: Description | C2: Total Amount Received

Sheet Accounting
A1: Summary Link | D1: TOTAL | E1: =SUM(E3:E998) -> 0
A2: Date | B2: Check Number | C2: Description | D2: Paid to: | E2: Total Cost - Amount

Sheet Advertising
A1: Summary Link | D1: TOTAL | E1: =SUM(E3:E998) -> 0
A2: Date | B2: Check Number | C2: Description | D2: Paid to: | E2: Total Cost - Amount

Sheet Contributions
A1: Summary Link | D1: TOTAL | E1: =SUM(E3:E998) -> 0
A2: Date | B2: Check Number | C2: Description | D2: Paid to: | E2: Total Cost - Amount

Sheet Freight & Delivery
A1: Summary Link | D1: TOTAL | E1: =SUM(E3:E998) -> 0
A2: Date | B2: Check Number | C2: Description | D2: Paid to: | E2: Total Cost - Amount

Sheet Insurance
A1: Summary Link | D1: TOTAL | E1: =SUM(E3:E998) -> 0
A2: Date | B2: Check Number | C2: Description | D2: Paid to: | E2: Total Cost - Amount

Sheet Interest
A1: Summary Link | D1: TOTAL | E1: =SUM(E3:E998) -> 0
A2: Date | B2: Check Number | C2: Description | D2: Paid to: | E2: Total Cost - Amount

Sheet Legal & License
A1: Summary Link | D1: TOTAL | E1: =SUM(E3:E998) -> 0
A2: Date | B2: Check Number | C2: Description | D2: Paid to: | E2: Total Cost - Amount

Sheet Merchandise & Materials
A1: Summary Link | D1: TOTAL | E1: =SUM(E3:E998) -> 0
A2: Date | B2: Check Number | C2: Description | D2: Paid to: | E2: Total Cost - Amount

Sheet Office Supply & Postage
A1: Summary Link | D1: TOTAL | E1: =SUM(E3:E998) -> 0
A2: Date | B2: Check Number | C2: Description | D2: Paid to: | E2: Total Cost - Amount

Sheet Rentals
A1: Summary Link | D1: TOTAL | E1: =SUM(E3:E998) -> 0
A2: Date | B2: Check Number | C2: Description | D2: Paid to: | E2: Total Cost - Amount

Sheet Repairs
A1: Summary Link | D1: TOTAL | E1: =SUM(E3:E998) -> 0
A2: Date | B2: Check Number | C2: Description | D2: Paid to: | E2: Total Cost - Amount

Sheet Supplies
A1: Summary Link | D1: TOTAL | E1: =SUM(E3:E998) -> 0
A2: Date | B2: Check Number | C2: Description | D2: Paid to: | E2: Total Cost - Amount

Sheet Taxes (Income)
A1: Summary Link | D1: TOTAL | E1: =SUM(E3:E998) -> 0
A2: Date | B2: Check Number | C2: Description | D2: Paid to: | E2: Total Cost - Amount

Sheet Taxes (Real Estate)
A1: Summary Link | D1: TOTAL | E1: =SUM(E3:E998) -> 0
A2: Date | B2: Check Number | C2: Description | D2: Paid to: | E2: Total Cost - Amount

Sheet Transportation Expense
A1: Summary Link | D1: TOTAL | E1: =SUM(E3:E998) -> 0
A2: Date | B2: Check Number | C2: Description | D2: Paid to: | E2: Total Cost - Amount

Sheet Travel & Meals & Entertainment
A1: Summary Link | D1: TOTAL | E1: =SUM(E3:E998) -> 0
A2: Date | B2: Check Number | C2: Description | D2: Paid to: | E2: Total Cost - Amount

Sheet Utilities
A1: Summary Link | D1: TOTAL | E1: =SUM(E3:E998) -> 0
A2: Date | B2: Check Number | C2: Description | D2: Paid to: | E2: Total Cost - Amount

Sheet Independent Subcontractors
A1: Summary Link | D1: TOTAL | E1: =SUM(E3:E998) -> 0
A2: Date | B2: Check Number | C2: Description | D2: Paid to: | E2: Total Cost - Amount

Sheet Miscellaneous
A1: Summary Link | D1: TOTAL | E1: =SUM(E3:E998) -> 0
A2: Date | B2: Check Number | C2: Description | D2: Paid to: | E2: Total Cost - Amount
